 Dungeon Crawl Stone Soup version 0.17.0-7-gfadd4cc (webtiles) character file.

1418 HungrySpirit the Basher (level 8, -1/112 HPs)
             Began as an Ogre Arcane Marksman on Nov 8, 2015.
             Slain by an ice beast (3 damage)
             ... on level 5 of the Dungeon.
             The game lasted 00:18:09 (7016 turns).

HungrySpirit the Basher (Ogre Arcane Marksman)      Turns: 7016, Time: 00:18:09

Health: -1/112     AC: 24    Str: 19    XL:     8   Next: 71%
Magic:  9/9        EV:  1    Int: 12    God:
Gold:   58         SH:  0    Dex:  9    Spells: 1 memorised, 8 levels left

rFire  . . .     SeeInvis .     b - +0 flail
rCold  . . .     Clarity  .     (armour currently unavailable)
rNeg   + + +     SustAt   .     (no shield)
rPois  +         Gourm    .     (helmet currently unavailable)
rElec  .         Spirit   .     (cloak currently unavailable)
rCorr  .         Warding  .     (gloves unavailable)
rMut   .         NoTele   +     (boots unavailable)
MR     .....                    (no amulet)
Stlth  +.........               (no ring)
                                (no ring)

@: tree-form, not resistant to hostile enchantments, very unstealthy
A: unfitting armour, (tough skin 0)
a: no special abilities


You were on level 5 of the Dungeon.
You were not hungry.
You were a tree.
You visited 1 branch of the dungeon, and saw 6 of its levels.

You collected 247 gold pieces.
You spent 189 gold pieces at shops.

Inventory:

Hand Weapons
 b - a +0 flail (weapon)
 F - a +0 blowgun
 G - a +0 giant spiked club
Missiles
 E - 6 curare-tipped needles
Armour
 c - a +0 robe (melded)
 J - a +1 cloak of poison resistance (melded)
Wands
 y - a wand of random effects (2)
Scrolls
 h - 2 scrolls of enchant weapon
 n - 2 scrolls of fog
 o - 2 scrolls of teleportation
 r - a scroll of magic mapping {unknown}
 t - a scroll of immolation {unknown}
 v - a scroll of noise {unknown}
 x - 3 scrolls of enchant armour {unknown}
 A - a scroll of random uselessness {unknown}
 D - a scroll of recharging {unknown}
Potions
 f - a potion of might
 g - a potion of curing
 i - a potion of agility
 l - a potion of lignification
 C - a potion of haste
 H - a potion of berserk rage
Books
 a - a book of Cantrips

   Spells                             Type                      Level
   a - Corona                         Hexes                        1
   b - Animate Skeleton               Necromancy                   1
   c - Summon Small Mammal            Summoning                    1
   d - Apportation                    Translocation                1
 d - a book of Debilitation

   Spells                             Type                      Level
   a - Corona                         Hexes                        1
   b - Slow                           Hexes                        2
   c - Gell's Gravitas                Hexes/Translocation          3
   d - Inner Flame                    Hexes/Fire                   3
   e - Cause Fear                     Hexes                        4
   f - Leda's Liquefaction            Hexes/Earth                  4
Comestibles
 e - a bread ration
 u - a meat ration
 w - a beef jerky
 z - 4 fruits
 B - 2 slices of pizza


   Skills:
 - Level 3.3 Fighting
 * Level 12.6 Maces & Flails
 - Level 2.3 Throwing
 - Level 1.7 Dodging
 - Level 1.2 Spellcasting
 - Level 2.1 Hexes


You had 8 spell levels left.
You knew the following spells:

 Your Spells              Type           Power        Failure   Level  Hunger
a - Corona                Hex            #......      14%         1    ##.....


Dungeon Overview and Level Annotations

Branches:
Dungeon (6/15)
 Temple: D:4-7

Altars:
Dithmenos
Gozag
Makhleb
Okawaru
Qazlal
Ru
Sif Muna

Shops:
D:4 [


Innate Abilities, Weirdness & Mutations

You are too large for most types of armour.
((You have tough skin (AC +1).))


Message History

You closely miss the ice beast.
The ice beast is heavily wounded.
The giant frog hits you but does no damage.
You barely miss the ice beast.
The ice beast is heavily wounded.
The ice beast hits you but does no damage.
The giant frog hits you.
* * * LOW HITPOINT WARNING * * *
You sock the ice beast!
The ice beast is almost dead.
The giant frog barely misses you. The ice beast hits you.
* * * LOW HITPOINT WARNING * * *
The ice beast freezes you!
* * * LOW HITPOINT WARNING * * *
You barely miss the ice beast.
The ice beast is almost dead.
The giant frog hits you.
* * * LOW HITPOINT WARNING * * *
The ice beast hits you.
You die...

#.#......# ###...##.#≈≈≈≈≈#
##....#########...##.#######
#.........)[....###.#
##.).#############<.#
##..###### #..# ##......#
#..# ######.# #..# ####
#.########..# ...#
####(..<.Y♣F...# ##.#
##...#########.## #.#
#.....########.# #.#
#..............#
#.###.....##########
#........## ##########


You could see an ice beast and a giant frog.

Vanquished Creatures
  Grinder (D:3)
  Prince Ribbit (D:5)
  A sky beast (D:5)
  2 ice beasts (D:5)
  An ogre (D:4)
  2 phantoms
  A centaur zombie (D:5)
  3 hounds
  A giant frog zombie (D:5)
  A jelly (D:5)
  An orc priest (D:5)
  A gnoll shaman (D:4)
  An iguana (D:5)
  A worker ant (D:5)
  A hound skeleton (D:5)
  3 gnolls (D:4)
  4 adders
  A shadow imp (D:5)
  An ooze (D:4)
  2 adder skeletons
  An adder zombie (D:5)
  4 worms (D:2)
  5 giant geckos
  12 orcs
  8 bats
  6 giant cockroaches
  4 hobgoblins
  A quokka (D:5)
  2 ball pythons
  A giant gecko skeleton (D:5)
  6 giant newts
  7 goblins
  6 kobolds
  7 rats
100 creatures vanquished.

Notes
Turn   | Place    | Note
--------------------------------------------------------------
     0 | D:1      | HungrySpirit the Ogre Arcane Marksman began the quest for the Orb.
     0 | D:1      | Reached XP level 1. HP: 19/19 MP: 2/2
   439 | D:1      | Reached XP level 2. HP: 19/29 MP: 3/3
  1767 | D:2      | Reached skill level 3 in Fighting
  1813 | D:2      | Reached XP level 3. HP: 37/37 MP: 4/4
  1888 | D:2      | Reached skill level 1 in Maces & Flails
  3253 | D:3      | Noticed Grinder
  3258 | D:3      | Reached XP level 4. HP: 41/45 MP: 5/5
  3276 | D:3      | Killed Grinder
  3276 | D:3      | Reached skill level 6 in Maces & Flails
  3276 | D:3      | Reached XP level 5. HP: 35/53 MP: 6/6
  3276 | D:3      | Reached XP level 6. HP: 40/61 MP: 7/7
  3462 | D:3      | Found a sacrificial altar of Ru.
  4034 | D:4      | Found a stormy altar of Qazlal.
  4240 | D:4      | Reached skill level 7 in Maces & Flails
  4573 | D:4      | Reached skill level 8 in Maces & Flails
  4573 | D:4      | Reached XP level 7. HP: 63/67 MP: 8/8
  4685 | D:4      | Found a deep blue altar of Sif Muna.
  4693 | D:4      | Found Egryhorch's Armour Shoppe.
  4699 | D:4      | Bought a +1 cloak of poison resistance for 189 gold pieces
  4885 | D:5      | Entered Level 5 of the Dungeon
  4956 | D:5      | Reached skill level 9 in Maces & Flails
  5188 | D:5      | Noticed Prince Ribbit
  5659 | D:5      | Reached skill level 10 in Maces & Flails
  5804 | D:4      | Reached XP level 8. HP: 20/75 MP: 9/9
  6297 | D:5      | Reached skill level 11 in Maces & Flails
  6346 | D:5      | Killed Prince Ribbit
  6346 | D:5      | Reached skill level 12 in Maces & Flails
  6665 | D:5      | Found an opulent altar of Gozag.
  6703 | D:5      | Found an iron altar of Okawaru.
  6703 | D:5      | Found a burning altar of Makhleb.
  6875 | D:5      | Found a shadowy altar of Dithmenos.
  7015 | D:5      | HP: 3/112 [ice beast (13)]
  7016 | D:5      | Slain by an ice beast

Action                   |  1- 3 |  4- 6 |  7- 9 || total
-------------------------+-------+-------+-------++-------
Melee: Dagger            |    58 |       |       ||    58
       Unarmed           |     6 |       |       ||     6
       Whip              |   233 |    78 |    39 ||   350
       Flail             |       |       |   176 ||   176
 Fire: Blowgun           |       |     4 |       ||     4
Throw: Large rock        |    18 |    10 |    23 ||    51
       Throwing net      |     5 |     1 |     1 ||     7
Evoke: Wand              |       |       |     9 ||     9
  Use: Scroll            |       |     5 |     7 ||    12
       Potion            |       |       |     6 ||     6
 Stab: Sleeping          |     2 |       |       ||     2
       Held in net/web   |       |       |     2 ||     2
       Distracted        |       |       |     1 ||     1
  Eat: Chunk             |     8 |     4 |     5 ||    17
       Bread ration      |       |       |     1 ||     1
